 Dungeon Crawl Stone Soup version 0.30-a0-374-g95c0257040 (webtiles) character file.

Game seed: 1510742352095746944

23015 MTVSty1e the Impaler (level 12, -3/115 HPs)
             Began as a Minotaur Gladiator on Nov 26, 2022.
             Was a High Priest of Okawaru.
             Slain by a cane toad (6 damage)
             ... while petrified by a basilisk
             ... on level 5 of the Lair of Beasts.
             The game lasted 00:17:22 (14454 turns).

MTVSty1e the Impaler (Minotaur Gladiator)          Turns: 14454, Time: 00:17:22

Health: -3/115     AC: 17    Str: 22    XL:     12   Next: 68%
Magic:  14/15      EV:  2    Int:  5    God:    Okawaru [*****.]
Gold:   951        SH:  0    Dex: 14    Spells: 11/11 levels left

rFire   + . .      SeeInvis .    a - +1 trident
rCold   + . .      Faith    .    f - +3 buckler {rC+ rF+}
rNeg    + + +      Spirit   .    p - +0 plate armour
rPois   ∞          Reflect  +    c - +0 hat
rElec   .          Harm     .    (no cloak)
rCorr   .          Rampage  .    (no gloves)
Will    .....                    d - +1 pair of boots
Stlth   ..........               n - amulet of reflection
HPRegen 0.39/turn                w - ring of poison resistance
MPRegen 0.14/turn                (no ring)

@: petrified, heroic, frozen, very slow
A: horns 2, retaliatory headbutt
a: Renounce Religion, Heroism, Finesse, Duel


You were on level 5 of the Lair of Beasts.
You worshipped Okawaru.
Okawaru was extremely pleased with you.
You visited 3 branches of the dungeon, and saw 14 of its levels.
You also visited: Sewer and Ossuary.

You collected 951 gold pieces.

Inventory:

Hand Weapons
 a - a +1 trident (weapon)
Armour
 c - a +0 hat (worn)
 d - a +1 pair of boots (worn)
 f - a +3 buckler of resistance (worn)
 p - a +0 plate armour (worn)
 C - the +0 scale mail of Gapriv {*Corrode rF+ Regen+}
   (Okawaru gifted it to you on level 2 of the Lair of Beasts)

   rF:        It protects you from fire.
   Regen:     It increases your rate of health regeneration.
   *Corrode:  It may corrode you when you take damage.
 D - the +9 crystal plate armour of Yboiburph {Int-5 Dex+3 Stlth+}
   (Okawaru gifted it to you on level 3 of the Lair of Beasts)

   Int:       It affects your intelligence (-5).
   Dex:       It affects your dexterity (+3).
   Stlth:     It makes you more stealthy.
Jewellery
 e - a ring of magical power
 k - a ring of ice
 n - an amulet of reflection (around neck)
 w - a ring of poison resistance (left hand)
Wands
 b - a wand of polymorph (8)
 m - a wand of flame (23)
 B - a wand of digging (6)
Scrolls
 g - 4 scrolls of identify
 i - 2 scrolls of enchant armour
 q - 5 scrolls of teleportation
 r - a scroll of fog
 v - 2 scrolls of enchant weapon
 z - a scroll of magic mapping
Potions
 h - 2 potions of cancellation
 j - 7 potions of curing
 l - 5 potions of attraction
 o - 3 potions of flight
 s - 2 potions of haste
 t - a potion of magic
 u - 4 potions of brilliance
 x - 4 potions of mutation
 A - a potion of lignification
 E - 2 potions of might
 F - a potion of resistance


   Skills:
 + Level 13.5(18.5) Fighting
 * Level 18.6(23.6) Polearms
 - Level 2.0(7.0) Throwing
 + Level 6.4(11.4) Armour
 - Level 3.2(8.2) Dodging
 + Level 6.4(11.4) Shields
 + Level 5.4 Invocations


You had 11 spell levels left.
You didn't know any spells.
Your spell library contained the following spells:

 Spells                   Type           Power      Damage    Failure   Level
 Ensorcelled Hibernation  Hex/Ice        0%         N/A       100%        2
 Passwall                 Tmut/Erth      0%         N/A       100%        2
 Kindle Blastsparks       Fire/Tloc/Air  0%         2d10      100%        3
 Swiftness                Air            0%         N/A       100%        3
 Fulminant Prism          Conj/Hex       0%         3d5       100%        4
 Iskenderun's Mystic Bla  Conj/Tloc      0%         2d3       100%        4
 Lee's Rapid Deconstruct  Erth           0%         3d4*      100%        5
 Summon Small Mammal      Summ           Unusable   N/A       N/A         1
 Call Canine Familiar     Summ           Unusable   N/A       N/A         3
 Summon Guardian Golem    Hex/Summ       Unusable   N/A       N/A         3

Dungeon Overview and Level Annotations

Branches:
Dungeon (8/15)             Temple (1/1) D:5            Lair (5/5) D:8
 Shoals (0/4) Lair:3        Snake (0/4) Lair:3        Sewer (visited)
Ossuary (visited)
  Slime: Lair:4-5

Altars:
Ashenzari
Cheibriados
Elyvilon
Fedhas
Gozag
Kikubaaqudgha
Makhleb
Nemelex Xobeh
Okawaru
Qazlal
Sif Muna
Trog
Uskayaw
Vehumet
Wu Jian
Xom
Yredelemnul
Zin
The Shining One
Lugonu

Shops:
D:3 :   D:6 (   D:7 [

Annotations:
D:4 2 runed translucent doors, PanSaczeczos's ghost, novice KoWn
Lair:1 2 transporters


Innate Abilities, Weirdness & Mutations

You have a pair of horns on your head.
You reflexively headbutt those who attack you in melee.


Message History

You furiously retaliate!
You headbutt the cane toad!
Your limbs are stiffening.
You closely miss the basilisk.
The basilisk is severely wounded.
You block the rime drake's attack. The cane toad stings you!
The basilisk bites you! The rime drake barely misses you.
You hit the basilisk. Your headbutt misses the basilisk.
The basilisk is almost dead.
The cane toad stings you but does no damage.
You block the rime drake's attack. The basilisk gazes at you.
You resist with some effort.
You have turned to stone.
The cane toad stings you!
* * * LOW HITPOINT WARNING * * *
The rime drake breathes ice at you. The icy flash freeze hits you!
You partially resist.
* * * LOW HITPOINT WARNING * * *
You are encased in ice.
The basilisk gazes at you. The cane toad stings you!
* * * LOW HITPOINT WARNING * * *
The rime drake bites you but does no damage.
The basilisk gazes at you. You resist with some effort.
The cane toad stings you!
* * * LOW HITPOINT WARNING * * *
The rime drake bites you.
* * * LOW HITPOINT WARNING * * *
The basilisk bites you but does no damage.
The ice encasing you melts away. The cane toad stings you!
* * * LOW HITPOINT WARNING * * *
The rime drake bites you but does no damage.
The cane toad stings you!
* * * LOW HITPOINT WARNING * * *
The basilisk bites you. The rime drake breathes ice at you.
The icy flash freeze hits you but does no damage.
You are encased in ice.
The cane toad stings you!
You die...

.....## #
....... #.###
....... .#....
...P... ......
....... #......
.....#.......
#.l......#
#.F@...#
......k........
...##......)...
. .....##.....
..#.#.# ....#
.....#### .#.#
.#### # #


You could see a cane toad, a basilisk and a rime drake (catching breath).

Vanquished Creatures
  A hydra (Lair:2)
  A boulder beetle (Lair:3)
  A death yak (Lair:3)
  10 elephants
  5 cane toads
  A black mamba (Lair:4)
  A torpor snail (Lair:3)
  A rime drake (Lair:3)
  7 komodo dragons
  A hornet (D:8)
  6 blink frogs
  7 dream sheep (Lair:2)
  21 yaks
  2 wyverns (Lair:3)
  4 basilisks
  A steam dragon (D:7)
  2 nagas (Lair:3)
  Edmund (D:6)
  An acid dragon (D:8)
  10 water moccasins
  7 black bears
  3 orc warriors
  A sky beast (D:6)
  An ice beast (D:6)
  An ogre (D:5)
  2 centaurs (Lair:3)
  10 wolves
  A phantom (D:6)
  16 bullfrogs
  4 scorpions
  3 necrophages
  7 wights (D:8)
  3 howler monkeys (D:8)
  A crimson imp (D:3)
  6 hounds
  7 orc priests
  9 iguanas
  10 orc wizards
  2 hell rats (Lair:4)
  8 mummies (Ossuary)
  3 gnolls (D:5)
  14 river rats
  11 adders
  2 shadow imps (D:6)
  A white imp (D:6)
  An ufetubus (D:5)
  8 worms
  4 dart slugs
  40 orcs
  17 ball pythons
  8 endoplasms
  5 giant cockroaches
  A gnoll zombie (Ossuary)
  5 goblins
  3 hobgoblins
  4 jackals
  3 quokkas
  3 bats (D:1)
  A frilled lizard (D:1)
  2 hobgoblin zombies (Ossuary)
  3 kobolds
  3 kobold zombies (Ossuary)
  2 orc zombies (Ossuary)
  29 rats
359 creatures vanquished.

Vanquished Creatures (others)
  27 fungi
  34 plants
61 creatures vanquished.

Grand Total: 420 creatures vanquished

Notes
Turn   | Place    | Note
-------+----------+-------------------------------------------
     0 | D:1      | MTVSty1e the Minotaur Gladiator began the quest for the
                  | Orb.
     0 | D:1      | Reached XP level 1. HP: 18/18 MP: 0/0
    94 | D:1      | Reached skill level 4 in Polearms
   124 | D:1      | Reached XP level 2. HP: 24/25 MP: 1/1
   145 | D:1      | Found a faded altar of an unknown god.
   650 | D:2      | Reached XP level 3. HP: 26/31 MP: 2/2
  1047 | D:2      | Reached skill level 5 in Polearms
  1422 | D:3      | Identified a scroll of acquirement
  1422 | D:3      | Acquired a +2 buckler of resistance
  1492 | D:3      | Reached XP level 4. HP: 38/38 MP: 3/3
  1593 | D:3      | Reached skill level 6 in Polearms
  1597 | D:3      | Reached XP level 5. HP: 46/46 MP: 4/4
  1612 | D:3      | Found a glowing drain.
  1617 | Sewer    | Entered a sewer
  1976 | Sewer    | Reached skill level 7 in Polearms
  1976 | Sewer    | Reached XP level 6. HP: 29/55 MP: 5/5
  1978 | Sewer    | Reached skill level 5 in Fighting
  2334 | D:3      | Found Zukhuixo's Book Shop.
  2371 | D:3      | Found a radiant altar of Vehumet.
  2437 | D:3      | Found a shimmering altar of Xom.
  2438 | D:3      | Found a burning altar of Makhleb.
  2528 | D:4      | Found a runed translucent door.
  2530 | D:4      | Noticed PanSaczeczos's ghost (novice KoWn)
  2743 | D:4      | Reached skill level 8 in Polearms
  2758 | D:4      | Found an opulent altar of Gozag.
  2968 | D:4      | Reached XP level 7. HP: 61/61 MP: 6/6
  3318 | D:4      | Found a runed translucent door.
  3469 | D:5      | Entered Level 5 of the Dungeon
  3805 | D:5      | Found a staircase to the Ecumenical Temple.
  3836 | Temple   | Entered the Ecumenical Temple
  3877 | Temple   | Became a worshipper of Warmaster Okawaru
  3949 | D:5      | Reached skill level 9 in Polearms
  4498 | D:6      | Reached XP level 8. HP: 71/71 MP: 7/7
  4511 | D:6      | Found a white marble altar of Elyvilon.
  4518 | D:6      | Noticed Edmund
  4522 | D:6      | Reached skill level 10 in Polearms
  4533 | D:6      | Killed Edmund
  4533 | D:6      | Reached * piety under Okawaru
  4700 | D:6      | Reached skill level 11 in Polearms
  4998 | D:7      | Found a sand-covered staircase.
  5004 | D:7      | Found Cireket's Armour Boutique.
  5007 | Ossuary  | Entered an ossuary
  5454 | D:7      | Found a snail-covered altar of Cheibriados.
  5491 | D:7      | Reached ** piety under Okawaru
  5624 | D:7      | Reached XP level 9. HP: 82/82 MP: 8/8
  5627 | D:7      | Reached skill level 12 in Polearms
  5973 | D:6      | Found Kocoo's Antique Weapon Shoppe.
  6021 | D:6      | Found a blossoming altar of Fedhas.
  6656 | D:8      | Reached skill level 13 in Polearms
  6717 | D:8      | Reached *** piety under Okawaru
  6812 | D:8      | Found a broken altar of Ashenzari.
  6893 | D:8      | Reached skill level 10 in Fighting
  6966 | D:8      | Reached skill level 14 in Polearms
  7079 | D:8      | Found an ornate altar of the Wu Jian Council.
  7184 | D:8      | Found a staircase to the Lair.
  7195 | D:8      | Reached XP level 10. HP: 55/93 MP: 9/9
  7390 | D:8      | Paralysed by a hornet for 2 turns
  7400 | D:8      | Reached **** piety under Okawaru
  7520 | D:8      | Found a glowing golden altar of the Shining One.
  7618 | Lair:1   | Entered Level 1 of the Lair of Beasts
  7735 | Lair:1   | Found a transporter.
  7775 | Lair:1   | Found a transporter.
  7938 | Lair:1   | Reached skill level 15 in Polearms
  8668 | Lair:2   | Noticed Urug
  8685 | Lair:2   | Urug changed into Urug the dream sheep
  8685 | Lair:2   | Noticed Urug
  8692 | Lair:2   | Killed Urug the dream sheep
  8739 | Lair:2   | Reached ***** piety under Okawaru
  8796 | Lair:2   | Reached skill level 16 in Polearms
  9127 | Lair:2   | Reached skill level 1 in Shields
  9127 | Lair:2   | Reached XP level 11. HP: 80/104 MP: 10/10
  9242 | Lair:2   | Reached skill level 1 in Armour
  9249 | Lair:2   | Reached skill level 1 in Invocations
  9485 | Lair:2   | Identified the +0 scale mail of Gapriv {*Corrode rF+
                  | Regen+} (Okawaru gifted it to you on level 2 of the Lair of
                  | Beasts)
  9485 | Lair:2   | Received a gift from Okawaru
 10045 | Lair:2   | Noticed a six-headed hydra
 10125 | Lair:2   | Killed a six-headed hydra
 10817 | Lair:3   | Reached skill level 17 in Polearms
 11123 | Lair:3   | Found a staircase to the Snake Pit.
 11542 | Lair:3   | Found a staircase to the Shoals.
 11678 | Lair:3   | Noticed a boulder beetle
 11721 | Lair:3   | Killed a boulder beetle
 12074 | Lair:3   | Noticed a death yak
 12108 | Lair:3   | Killed a death yak
 12109 | Lair:3   | Reached XP level 12. HP: 45/113 MP: 11/14
 12515 | Lair:3   | Identified the +9 crystal plate armour of Yboiburph {Int-5
                  | Dex+3 Stlth+} (Okawaru gifted it to you on level 3 of the
                  | Lair of Beasts)
 12515 | Lair:3   | Received a gift from Okawaru
 12516 | Lair:3   | Reached skill level 5 in Shields
 12544 | Lair:3   | Reached skill level 5 in Armour
 12953 | Lair:4   | Reached skill level 18 in Polearms
 13367 | Lair:4   | Found a shimmering blue altar of Sif Muna.
 13371 | Lair:4   | Identified the +6 dagger of the Endless Expanse {protect,
                  | *Noise rElec Str-4 Dex+5}
 13388 | Lair:4   | Reached skill level 5 in Invocations
 14420 | Lair:5   | Entered Level 5 of the Lair of Beasts
 14453 | Lair:5   | HP: 3/115 [cane toad (4)]
 14454 | Lair:5   | Slain by a cane toad

Illustrated notes

Levels and vault maps discovered:
D:1:      minmay_arrival_arboretum_small, layout_basic,
          chequers_ecumenical_altar_simple_redux
D:2:      layout_basic
D:3:      layout_rooms, grunt_temple_overflow_champion_of_chaos,
          mainiacjoe_overflow_concentric_impassable, lightli_sewer_entry_pipes,
          serial_shops, shop_statue
D:4:      layout_basic, lemuel_tele_altar, ebering_ghost_sewer_f,
          nrook_mini_vaults, hangedman_glass_teeth
D:5:      layout_loops_ring, temple_green
D:6:      layout_basic, elyvilon_altar_5, fedhas_altar_2, serial_shops,
          nicolae_square_shop, uniq_edmund
D:7:      layout_rooms, kennysheep_slug_shrine, nicolae_ossuary_entry_ruins,
          serial_shops, shop, minmay_crystal_room
D:8:      layout_rooms, mainiacjoe_overflow_24_doors,
          mainiacjoe_overflow_catwalk, nzn_wu_jian_contemplation,
          grunt_lair_entry_orc_guard_hut
Temple:   corrupted_temple
Lair:1:   gammafunk_worm_tunnel, layout_loops_ring
Lair:2:   beast_lair_carwin_large_4, layout_gridlike, serial_bayou_shore_b,
          grunt_megastairs_4, uniq_urug
Lair:3:   layout_regular_city, minmay_shoals_entry_centaurs,
          minmay_snake_entry_guardpost_small, lemuel_fruit_fields,
          lemuel_fruit_tree
Lair:4:   layout_cave_pods, basic_altar, kennysheep_rathole
Lair:5:   guppyfry_lair_end_dragon, layout_cave_shapes, slime_entry_1,
          chequers_serial_rivers_small_3, wad_woods_03,
          infiniplex_staircase_pool_2

Skill      XL: |  1  2  3  4  5  6  7  8  9 10 11 12 |
---------------+-------------------------------------+-----
Polearms       | 4 5 6 7 8 9 11 14 16 17 18 | 18.6
Fighting       | 3 4 5 6 8 10 11 12 13 | 13.5
Shields        | 1 4 6 |  6.4
Armour         | 4 6 |  6.4
Invocations    | 4 5 |  5.4
Throwing       | |  2.0
Dodging        | |  3.2

Action                   |  1- 3 |  4- 6 |  7- 9 | 10-12 || total
-------------------------+-------+-------+-------+-------++-------
Melee: Trident           |    85 |   202 |   474 |   721 ||  1482
       Headbutt          |    13 |    20 |    76 |   196 ||   305
Invok: Heroism           |       |       |       |    11 ||    11
Evoke: Wand              |       |       |       |     6 ||     6
  Use: Scroll            |     5 |     8 |     2 |    10 ||    25
       Potion            |       |       |     2 |     3 ||     5
Armor: Leather armour    |     6 |       |       |       ||     6
       Ring mail         |     1 |    59 |    22 |       ||    82
       Scale mail        |       |       |    15 |       ||    15
       Plate armour      |       |       |    29 |   196 ||   225
Dodge: Dodged            |    39 |    77 |    85 |   124 ||   325
Block: Buckler           |     1 |   109 |   147 |   277 ||   534
       Other             |     1 |       |       |       ||     1
       Reflection        |       |     1 |     8 |     7 ||    16

Table legend: (Time is in decaauts)
 A = Elapsed time spent in this place.
 B = Non-inter-level travel time spent in this place.
 C = Inter-level travel time spent in this place.
 D = Time resting spent in this place.
 E = Time spent auto-exploring this place.
 F = Levels seen in this place.
 G = Mean time per level.
                   A        B        C        D        E       F      G
               +--------+--------+--------+--------+--------+-----+--------+
         Total |  14164 |  13720 |    444 |   3339 |   7972 |  16 |  885.2 |
       Dungeon |   6712 |   6346 |    366 |    644 |   4562 |   8 |  839.0 |
        Temple |     54 |     43 |     11 |      0 |     24 |   1 |   54.0 |
          Lair |   6594 |   6527 |     67 |   2577 |   2962 |   5 | 1318.8 |
         Sewer |    552 |    552 |      0 |    118 |    243 |   1 |  552.0 |
       Ossuary |    251 |    251 |      0 |      0 |    181 |   1 |  251.0 |
               +--------+--------+--------+--------+--------+-----+--------+

Top non-repeatable levels by time:
  Lair:2: 2315 daAuts
  Lair:3: 1664 daAuts
  Lair:4: 1585 daAuts
     D:6: 1050 daAuts
  Lair:1: 998 daAuts
     D:4: 970 daAuts
     D:8: 928 daAuts
     D:5: 887 daAuts
     D:7: 845 daAuts
     D:2: 787 daAuts
     D:1: 627 daAuts
     D:3: 614 daAuts
   Sewer: 552 daAuts
 Ossuary: 251 daAuts
  Temple: 54 daAuts
